Map: Golden Wall LE

Players

ExpecT

  • Race: Terran Terran
  • Spawn Location: 5:00

Has - Winner!

  • Race: Protoss Protoss
  • Spawn Location: 7:00

Event: DreamHack SC2 Masters 2020 Summer TwHkMoJp

VOD

Have the link to the VOD?

Description

Time

  • Played on: June 26, 2020, 8:34 a.m.
  • Length: 5:15

All games in this series

Show
View Real Time Build Order
Export as new Build Order

ExpecT Terran 

Build Orders: Liberator Opening 

Get SALT Encoding   

  12  0:00  SCV  
  13  0:13  SCV  
  14  0:18  Supply Depot  
  14  0:25  SCV  
  15  0:40  SCV  
  15  0:41  Barracks  
  16  0:47  Refinery  
  16  0:52  SCV  
  17  0:57  Refinery  
  17  1:04  SCV  
  18  1:16  SCV  
  19  1:27  Reaper  
  19  1:28  Orbital Command  
  20  1:40  Supply Depot  
  20  1:46  Factory  
  20  1:54  SCV  
  20  2:00  Reaper  
  22  2:04  Bunker  
  22  2:07  SCV  
  23  2:19  SCV  
  24  2:33  SCV  
  25  2:40  Reaper  
  25  2:43  Factory Tech Lab  
  25  2:44  Starport  
  25  2:45  SCV  
  26  3:11  Supply Depot  
  26  3:12  Supply Depot  
  25  3:33  SCV, Cyclone  
  29  3:37  Liberator  
  30  3:45  SCV  
  26  3:54  Reaper  
  26  3:58  SCV  
  23  4:10  SCV  
  20  4:24  SCV  
  17  4:36  SCV  
  9  4:48  SCV  
  8  5:00  SCV  
Show
View Real Time Build Order
Export as new Build Order

Has Protoss - Winner!

Build Orders:  

Get SALT Encoding   

  12  0:00  Probe  
  13  0:12  Probe  
  14  0:17  Pylon  
  14  0:24  Probe  
  15  0:32  Probe  
  15  0:39  Gateway  
  15  0:40  Probe  
  16  0:47  Assimilator  
  17  0:51  Probe  
  18  0:59  Probe  
  19  1:04  Assimilator  
  19  1:07  Probe  
  19  1:17  Probe  
  21  1:25  Cybernetics Core  
  21  1:26  Zealot  
  21  1:29  Pylon  
  23  1:47  Probe  
  23  1:53  Adept  
  24  1:59  Probe  
  25  2:07  Warp Gate  
  28  2:18  Shield Battery  
  28  2:20  Probe  
  28  2:21  Gateway  
  28  2:22  Pylon  
  26  2:41  Adept  
  27  2:45  Probe  
  28  2:57  Probe  
  29  2:59  Stalker  
  29  3:11  Probe  
  29  3:23  Probe  
  30  3:29  Stalker  
  30  3:35  Probe  
  29  3:47  Probe  
  25  3:56  Stalker  
  25  3:59  Probe  
  28  4:08  Stalker  
  27  4:12  Probe  
  28  4:21  Zealot  
  28  4:24  Probe  
  29  4:32  Stalker  
  29  4:36  Probe  
  32  4:42  Stalker  
  30  4:52  Probe  
  31  4:58  Stalker  
Tags
 
Add a new tag
Caveats
  • Supply blocks, unpowered buildings, or Contaminate may cause inaccurate times.
  • Supply counts are checked every 10 seconds.